 Dungeon Crawl Stone Soup version 0.24-a0-350-g5b3daab8ba (webtiles) character file.

Game seed: 5712350704575183860

139069 Lanoc the Fencer (level 16, -8/149 HPs)
             Began as a Minotaur Berserker on May 23, 2019.
             Was the Champion of Trog.
             Mangled by a spark wasp (18 damage)
             ... on level 3 of the Spider Nest.
             The game lasted 00:54:49 (24510 turns).

Lanoc the Fencer (Minotaur Berserker)              Turns: 24510, Time: 00:54:50

Health: -8/149     AC: 21    Str: 34    XL:     16   Next: 72%
Magic:  0/7        EV: 14    Int:  7    God:    Trog [******]
Gold:   1955       SH:  0    Dex: 10    Spells: 15/15 levels left

rFire    + . .     SeeInvis +   W - +9 triple sword (antimagic)
rCold    + . .     Gourm    .   (shield currently unavailable)
rNeg     + . .     Faith    .   P - +3 plate armour of the Cooper {Str+4}
rPois    +         Spirit   +   (helmet restricted)
rElec    +         Reflect  .   E - scarf {Spirit}
rCorr    .         Harm     .   (no gloves)
MR       ++...                  y - +0 pair of boots "Zyny" {Str+4}
Stlth    ..........             Z - amulet "Konkuh" {rElec rPois rC+ Regen+ Int+3}
HPRegen  0.74/turn              H - ring of Xati {rF+ rN+ MR+ Str+2 Dex-5}
MPRegen  0.10/turn              v - ring of see invisible

@: berserk cooldown, very slightly contaminated, starving, slowed, studying
Crossbows, very slow
A: retaliatory headbutt, horns 2
a: Berserk, Trog's Hand, Brothers in Arms, Renounce Religion


You were on level 3 of the Spider Nest.
You worshipped Trog.
Trog was exalted by your worship.
You were starving.

You visited 5 branches of the dungeon, and saw 28 of its levels.
You also visited: Ice Cave and Volcano.

You collected 2740 gold pieces.
You spent 785 gold pieces at shops.

Inventory:

Hand Weapons
 I - a +9 great sword of flaming
 W - a +9 antimagic triple sword (weapon)
Missiles
 x - 3 throwing nets (quivered)
 D - 11 curare-tipped darts
 F - 8 atropa-tipped darts
Armour
 g - a scarf of cloud immunity
 y - the +0 pair of boots "Zyny" (worn) {Str+4}
   (You acquired it on level 8 of the Dungeon)

   It affects your strength (+4).
 E - a scarf of spirit shield (worn)
 P - the +3 plate armour of the Cooper (worn) {Str+4}
   (You acquired it on level 1 of the Lair of Beasts)

   It affects your strength (+4).
Jewellery
 v - a ring of see invisible (right hand)
 B - the ring of Ihousm {rC+ rN+}
   (You found it in an ice cave)

   [ring of protection from cold]

   It protects you from cold.
   It protects you from negative energy.
 H - the ring of Xati (left hand) {rF+ rN+ MR+ Str+2 Dex-5}
   (You found it in an ice cave)

   [ring of protection from fire]

   It affects your strength (+2).
   It affects your dexterity (-5).
   It protects you from fire.
   It protects you from negative energy.
   It affects your resistance to hostile enchantments.
 Z - the amulet "Konkuh" (around neck) {rElec rPois rC+ Regen+ Int+3}
   (You bought it in a shop on level 2 of the Orcish Mines)

   [amulet of regeneration]

   It affects your intelligence (+3).
   It protects you from cold.
   It insulates you from electricity.
   It protects you from poison.
   It increases your rate of regeneration.
Wands
 a - a wand of polymorph (31)
 d - a wand of acid (45)
 q - a wand of flame (104)
 w - a wand of random effects (88)
 J - a wand of enslavement (4)
 O - a wand of digging (2)
 Q - a wand of iceblast (5)
 X - a wand of scattershot (5)
Scrolls
 b - 4 scrolls of fog
 f - 16 scrolls of remove curse
 i - 7 scrolls of enchant armour
 m - 12 scrolls of teleportation
 o - 4 scrolls of fear
 p - a scroll of blinking
 z - 4 scrolls of immolation
 K - 2 scrolls of magic mapping
 M - 10 scrolls of identify
 R - 2 scrolls of enchant weapon
 T - 2 scrolls of holy word
 U - a scroll of silence
Potions
 e - 3 potions of might
 j - 5 potions of magic
 k - 6 potions of curing
 l - 10 potions of haste
 n - 3 potions of agility
 r - 4 potions of mutation
 t - a potion of lignification
 u - a potion of flight
 A - a potion of cancellation
 C - 4 potions of brilliance
 L - 3 potions of resistance
 N - 2 potions of invisibility
 Y - a potion of berserk rage {unknown}
Books
 V - a manual of Crossbows
Miscellaneous
 s - a sack of spiders
 G - a lightning rod (4/4)
Comestibles
 c - 46 rations


   Skills:
 + Level 15.1 Fighting
 * Level 20.3 Long Blades
 + Level 15.0 Armour
 + Level 13.8 Dodging
 + Level 10.6 Evocations


You had 15 spell levels left.
You didn't know any spells.
Your spell library was empty.

Dungeon Overview and Level Annotations

Branches:
Dungeon (15/15)            Temple (1/1) D:5            Lair (6/6) D:9
 Shoals (0/4) Lair:4       Spider (4/4) Lair:3        Slime (0/5) Lair:5
    Orc (2/2) D:10            Elf (0/3) Orc:2        Vaults (0/5) D:13
 Depths (0/5) D:15

Altars:
Ashenzari
Hepliaklqana
Kikubaaqudgha
Makhleb
Nemelex Xobeh
Okawaru
Trog
Vehumet
The Shining One
Beogh

Shops:
D:9 *   D:10 :   D:15 [   Orc:1 %   Orc:2 =}(*


Innate Abilities, Weirdness & Mutations

You reflexively headbutt those who attack you in melee.
You have a pair of horns on your head.


Message History

A mysterious force pulls you upwards. The hatch slams shut behind you.
You feel much better. The spark wasp closely misses you.
The spark wasp stings you!
* * * LOW HITPOINT WARNING * * *
The spark wasp shocks you. You resist.
* * * LOW HITPOINT WARNING * * *
You feel much better. The spark wasp stings you!!
* * * LOW HITPOINT WARNING * * *
The spark wasp shocks you. You resist.
* * * LOW HITPOINT WARNING * * *
The spark wasp misses you. You furiously retaliate!
You headbutt the spark wasp, but do no damage.
The spark wasp stings you!
* * * LOW HITPOINT WARNING * * *
The spark wasp shocks you. You resist.
* * * LOW HITPOINT WARNING * * *
Your deep troll goes berserk!
You are starving!
The spark wasp stings you!!
You die...

############ #############
......#....######....#...#..#
......#....#.#.###..........#
#..#..#.##.....#^#^.#..#..###
####..#..#...(.....#####...#
#.....#)#..####.#.##^#^######
.....####..#..#####.....#^#.#
.##.##..##....T.....#.#.....#
##.^#..^#...##.y@...###....^#
.........^.<.######?^.#..##.#
..##.###.######...#^..##..###
#..###.###.#......#####...##
#[.#.^..#..^...##...#(..#^.##
<^.....##...#####.....^##...#
#...####..###^..#..#..####..#
###..#.##..###†...#####.#...#
#.##^..^##...#†#..##....##..#


You could see a spark wasp and a friendly deep troll (berserk).

Vanquished Creatures
  Arachne (Spider:4)
  Rupert (D:11)
  Jorgrun (Spider:1)
  Frances (Spider:1)
  2 ghost moths
  4 emperor scorpions
  A very ugly thing (D:15)
  An entropy weaver (Spider:4)
  A minotaur (Lair:1)
  A dire elephant (Lair:6)
  A white draconian (IceCv)
  2 spark wasps (Spider:3)
  Josephine (Orc:2)
  An ogre mage (D:13)
  Harold (D:7)
  Fannar (D:12)
  A catoblepas (Lair:6)
  8 hydras
  The ghost of Joreh the Covert, a journeyman OpFi of Ru (Lair:1)
  2 centaur warriors (D:15)
  4 two-headed ogres
  A deep troll shaman (Lair:6)
  5 death yaks
  3 unseen horrors
  3 lindwurms
  A glowing orange brain (D:15)
  8 orb spiders
  An orc knight (D:15)
  2 deep elf magi
  11 ugly things
  9 orc sorcerers
  3 cyclopes
  5 oklob plants
  15 wolf spiders
  14 elephants
  A salamander (D:15)
  Maurice (Orc:2)
  4 molten gargoyles (Volcano)
  Joseph (D:9)
  Psyche (D:12)
  3 black mambas
  2 rime drakes
  3 gargoyles
  4 komodo dragons
  9 spiny frogs
  9 demonic crawlers
  3 efreet (Volcano)
  22 jumping spiders
  4 trolls
  2 hornets
  23 polar bears
  A merfolk (Lair:4)
  Prince Ribbit (Temple)
  7 slime creatures
  12 hippogriffs
  5 blink frogs (Lair:1)
  9 dream sheep
  54 redbacks
  5 shadows
  A spriggan (D:7)
  30 tarantellas
  56 yaks
  8 wraiths
  3 fire elementals (Volcano)
  4 vampire mosquitoes
  A golden eye (shapeshifter) (D:15)
  A human (shapeshifter) (D:14)
  3 basilisks
  2 hungry ghosts
  Grum (D:9)
  A steam dragon (D:12)
  7 wargs
  9 water moccasins
  Duvessa (D:5)
  14 orc warriors
  6 porcupines
  16 ice beasts
  4 sky beasts
  6 ogres
  2 phantoms
  36 wolves
  12 centaurs
  17 crocodiles
  3 big kobolds
  Blork the orc (D:6)
  13 bullfrogs
  2 earth elementals (Volcano)
  Dowan (D:5)
  5 scorpions
  3 howler monkeys
  8 wights
  9 jellies
  4 crimson imps
  A bullfrog zombie (D:8)
  A quasit (D:10)
  2 centaur zombies
  12 orc priests
  2 hounds
  4 centaur skeletons
  32 orc wizards
  A bullfrog skeleton (D:11)
  5 iguanas
  13 worker ants
  A killer bee zombie (D:5)
  A centaur simulacrum (D:12)
  3 hound skeletons
  A worker ant zombie (D:10)
  3 gnolls (D:3)
  9 adders
  3 shadow imps
  3 white imps (D:12)
  An ufetubus (D:12)
  3 oozes (Lair:5)
  An adder zombie (D:5)
  An adder skeleton (D:6)
  3 dart slugs
  5 worms
  5 leopard geckos
  97 orcs
  3 ball pythons
  5 giant cockroaches
  5 goblins
  6 hobgoblins
  4 jackals (D:10)
  A jackal (shapeshifter) (D:15)
  15 kobolds
  5 quokkas
  33 bats
  5 frilled lizards
  2 goblin skeletons (D:4)
  A goblin zombie (D:4)
  A hobgoblin zombie (D:4)
  4 kobold skeletons (D:4)
  A kobold zombie (D:4)
  3 orc skeletons (D:4)
  An orc zombie (D:4)
  A quokka skeleton (D:4)
  2 quokka zombies
  5 rats
  2 fire vortices (Volcano)
  2 plants (Lair:6)
914 creatures vanquished.

Vanquished Creatures (collateral kills)
  A hydra (D:11)
  A shadow (D:11)
  A hornet zombie (D:11)
  A centaur (D:11)
  A crocodile (D:11)
  An adder (D:11)
  2 kobolds (D:11)
8 creatures vanquished.

Vanquished Creatures (others)
  A jumping spider (Spider:2)
  An orc priest (Orc:2)
  An orc (Orc:2)
  A fire vortex (Volcano)
  A fungus (Lair:5)
  3 plants
8 creatures vanquished.

Grand Total: 930 creatures vanquished

Notes
Turn   | Place    | Note
-------+----------+-------------------------------------------
     0 | D:1      | Lanoc the Minotaur Berserker began the quest for the Orb.
     0 | D:1      | Reached XP level 1. HP: 19/19 MP: 0/0
    44 | D:1      | Reached XP level 2. HP: 18/27 MP: 1/1
    49 | D:1      | Reached skill level 4 in Long Blades
   625 | D:2      | Reached XP level 3. HP: 27/33 MP: 2/2
   712 | D:3      | Reached ** piety under Trog
  1024 | D:3      | Reached XP level 4. HP: 35/40 MP: 3/3
  1044 | D:3      | Reached skill level 5 in Long Blades
  1045 | D:3      | Reached XP level 5. HP: 47/47 MP: 4/4
  1310 | D:3      | Found a shattered altar of Ashenzari.
  1588 | D:4      | Found a glowing golden altar of the Shining One.
  1602 | D:4      | Reached *** piety under Trog
  1778 | D:4      | Reached XP level 6. HP: 51/55 MP: 5/5
  1844 | D:4      | Reached skill level 6 in Long Blades
  1885 | D:4      | Reached skill level 5 in Fighting
  1995 | D:5      | Entered Level 5 of the Dungeon
  2017 | D:5      | Noticed Dowan
  2018 | D:5      | Noticed Duvessa
  2028 | D:5      | Killed Duvessa
  2028 | D:5      | Killed Dowan
  2031 | D:5      | Reached XP level 7. HP: 61/61 MP: 6/6
  2217 | D:5      | Noticed a hungry ghost
  2224 | D:5      | Killed a hungry ghost
  2224 | D:5      | Reached skill level 7 in Long Blades
  2249 | D:5      | Found a staircase to the Ecumenical Temple.
  2250 | D:5      | Noticed Prince Ribbit
  2260 | Temple   | Entered the Ecumenical Temple
  2281 | Temple   | Killed Prince Ribbit
  2281 | Temple   | Reached skill level 5 in Armour
  2489 | D:5      | Reached skill level 5 in Dodging
  2489 | D:5      | Reached XP level 8. HP: 57/70 MP: 7/7
  2543 | D:5      | Reached skill level 8 in Long Blades
  2644 | D:5      | Found a sparkling altar of Nemelex Xobeh.
  3211 | D:6      | Noticed Blork the orc
  3223 | D:6      | Killed Blork the orc
  3259 | D:6      | Reached **** piety under Trog
  3272 | D:6      | Reached skill level 9 in Long Blades
  3766 | D:6      | Reached XP level 9. HP: 70/79 MP: 8/8
  3970 | D:7      | Reached skill level 10 in Long Blades
  4043 | D:7      | Found an ancient bone altar of Kikubaaqudgha.
  4239 | D:7      | Noticed Harold
  4250 | D:7      | Killed Harold
  4250 | D:7      | Reached skill level 11 in Long Blades
  4250 | D:7      | Reached skill level 1 in Evocations
  4562 | D:8      | Reached XP level 10. HP: 83/90 MP: 10/10
  4578 | D:8      | Identified a scroll of acquirement
  4579 | D:8      | Got a pair of pitted boots
  4585 | D:8      | Identified the +0 pair of boots "Zyny" {Str+4} (You
                  | acquired it on level 8 of the Dungeon)
  4904 | D:8      | Found a hazy altar of Hepliaklqana.
  4904 | D:8      | Found a burning altar of Makhleb.
  4909 | D:8      | Found an iron altar of Okawaru.
  4911 | D:8      | Found a faded altar of an unknown god.
  4912 | D:8      | Found a faded altar of an unknown god.
  5044 | D:9      | Found Wedduhai's Assorted Antiques.
  5044 | D:9      | Noticed a gargoyle
  5048 | D:9      | Noticed Grum
  5057 | D:9      | Noticed Joseph
  5058 | D:9      | Killed a gargoyle
  5314 | D:9      | Killed Joseph
  5322 | D:9      | Killed Grum
  5371 | D:9      | Bought a scroll labeled WONLEN PUNKEET for 25 gold pieces
  5371 | D:9      | Bought a blue potion for 22 gold pieces
  5422 | D:9      | Found a staircase to the Lair.
  5660 | D:10     | Entered Level 10 of the Dungeon
  5679 | D:10     | Reached skill level 12 in Long Blades
  5690 | D:10     | Reached ***** piety under Trog
  5720 | D:10     | Noticed a two-headed ogre
  6050 | D:10     | Received a gift from Trog
  6134 | D:10     | Killed a two-headed ogre
  6284 | D:10     | Reached XP level 11. HP: 65/97 MP: 12/12
  6581 | D:10     | Found a staircase to the Orcish Mines.
  6727 | D:10     | Found Xyibb's Book Emporium.
  7006 | D:11     | Killed an unseen horror
  7034 | D:11     | Noticed a six-headed hydra
  7035 | D:11     | Reached skill level 13 in Long Blades
  7048 | D:11     | Killed a six-headed hydra
  7214 | D:12     | Reached skill level 10 in Fighting
  7232 | D:12     | Found a frozen archway.
  7246 | D:12     | Received a gift from Trog
  7273 | IceCv    | Entered an ice cave
  7725 | IceCv    | Noticed a death yak
  7725 | IceCv    | Noticed a death yak
  7728 | IceCv    | Reached skill level 10 in Armour
  7732 | IceCv    | Killed a death yak
  7732 | IceCv    | Reached skill level 5 in Evocations
  7737 | IceCv    | Killed a death yak
  7737 | IceCv    | Reached skill level 14 in Long Blades
  7920 | IceCv    | Reached XP level 12. HP: 84/108 MP: 10/15
  8882 | IceCv    | Noticed a white draconian
  8906 | IceCv    | Killed a white draconian
  8945 | IceCv    | Got a flickering glass ring
  8947 | IceCv    | Got a scintillating iron ring
  8963 | D:12     | Identified the ring of Ihousm {rC+ rN+} (You found it in an
                  | ice cave)
  8965 | D:12     | Identified the ring of Xati {rF+ rN+ MR+ Str+2 Dex-5} (You
                  | found it in an ice cave)
  9027 | D:12     | Reached skill level 10 in Dodging
  9034 | D:12     | Noticed Rupert
  9037 | D:12     | Noticed Fannar
  9076 | D:12     | Reached ****** piety under Trog
  9166 | D:11     | Killed Rupert
  9166 | D:11     | Received a gift from Trog
  9166 | D:11     | Reached skill level 15 in Long Blades
  9219 | D:12     | Killed Fannar
  9328 | D:12     | Noticed a seven-headed hydra
  9335 | D:12     | Killed a five-headed hydra
  9470 | D:12     | Noticed Psyche
  9495 | D:12     | Reached XP level 13. HP: 91/116 MP: 15/17
  9502 | D:12     | Killed Psyche
 10166 | D:13     | Found a gate to the Vaults.
 10189 | D:13     | Got a dazzling scale mail
 10200 | D:13     | Identified the cursed +1 scale mail "Syadd" {rC+ Str+5
                  | Stlth-} (You found it on level 13 of the Dungeon)
 10422 | D:13     | Reached skill level 16 in Long Blades
 10992 | D:14     | Received a gift from Trog
 11384 | D:14     | You fall into a shaft and drop 1 floor!
 11384 | D:15     | Entered Level 15 of the Dungeon
 11727 | D:15     | Found Hubrum's Antique Armour Emporium.
 12026 | D:15     | Found a staircase to the Depths.
 12058 | D:15     | Noticed a white very ugly thing
 12067 | D:15     | Killed a white very ugly thing
 12091 | D:15     | Reached XP level 14. HP: 80/127 MP: 15/18
 12322 | D:15     | Reached skill level 17 in Long Blades
 12927 | Lair:1   | Entered Level 1 of the Lair of Beasts
 13114 | Lair:1   | Noticed Joreh's ghost (journeyman OpFi)
 13226 | Lair:1   | Found a runed translucent gate.
 13226 | Lair:1   | Found a runed translucent gate.
 13227 | Lair:1   | Found a runed translucent gate.
 13278 | Lair:1   | Found a sparkling altar of Nemelex Xobeh.
 13528 | Lair:1   | Got a brightly glowing plate armour
 13540 | Lair:1   | Identified the +3 plate armour of the Cooper {Str+4} (You
                  | acquired it on level 1 of the Lair of Beasts)
 13857 | Lair:1   | Killed Joreh's ghost
 14822 | Lair:3   | Found a hole to the Spider Nest.
 16081 | Lair:4   | Received a gift from Trog
 16084 | Lair:4   | Got a twisted rapier {god gift}
 16085 | Lair:4   | Lost intelligence.
 16085 | Lair:4   | Identified the +11 rapier of Conversion {freeze, rC+ MR+
                  | Int-5} (Trog gifted it to you on level 4 of the Lair of
                  | Beasts)
 16098 | Lair:4   | Found a staircase to the Shoals.
 16596 | Lair:5   | Found a staircase to the Slime Pits.
 16648 | Lair:5   | Reached skill level 18 in Long Blades
 17375 | Lair:6   | Entered Level 6 of the Lair of Beasts
 17580 | Lair:6   | Reached XP level 15. HP: 136/136 MP: 18/20
 17584 | Lair:6   | Received a gift from Trog
 17689 | Lair:6   | Found a hazy altar of Hepliaklqana.
 19304 | Orc:1    | Entered Level 1 of the Orcish Mines
 19434 | Orc:1    | Found Onaed's Food Boutique.
 19565 | Orc:2    | Entered Level 2 of the Orcish Mines
 19579 | Orc:2    | Found a dark tunnel.
 19590 | Volcano  | Entered a volcano
 19846 | Orc:2    | Received a gift from Trog
 19879 | Orc:2    | Noticed Josephine
 19897 | Orc:2    | Killed Josephine
 20031 | Orc:2    | Found Verari's Jewellery Shop.
 20065 | Orc:2    | Paralysed by an orc sorcerer for 7 turns
 20081 | Orc:2    | Received a gift from Trog
 20134 | Orc:2    | Found Qiureargh's Gadget Shoppe.
 20216 | Orc:2    | Noticed Maurice
 20221 | Orc:2    | Killed Maurice
 20221 | Orc:2    | Reached skill level 19 in Long Blades
 20333 | Orc:2    | Found a staircase to the Elven Halls.
 20414 | Orc:2    | Found a roughly hewn altar of Beogh.
 20522 | Orc:2    | Found a roughly hewn altar of Beogh.
 20529 | Orc:2    | Found Ufaog's Weapon Shop.
 20555 | Orc:2    | Found Dima's Assorted Antiques.
 20871 | Orc:2    | Bought the amulet "Konkuh" {rElec rPois rC+ Regen+ Int+3}
                  | for 738 gold pieces
 21040 | Spider:1 | Entered Level 1 of the Spider Nest
 21040 | Spider:1 | Noticed Frances
 21052 | Spider:1 | Killed Frances
 21061 | Spider:1 | Received a gift from Trog
 21353 | Spider:1 | Noticed Jorgrun
 21356 | Spider:1 | Noticed a ghost moth
 21367 | Spider:1 | Killed Jorgrun
 21369 | Spider:1 | Killed a ghost moth
 21829 | Spider:2 | Reached skill level 10 in Evocations
 21830 | Spider:2 | Reached XP level 16. HP: 104/147 MP: 4/22
 21844 | Spider:1 | Received a gift from Trog
 23331 | Spider:3 | Reached skill level 20 in Long Blades
 23891 | Spider:4 | Entered Level 4 of the Spider Nest
 23893 | Spider:4 | Noticed Arachne
 23916 | Spider:4 | Killed Arachne
 23916 | Spider:4 | Reached skill level 15 in Fighting
 24422 | Spider:4 | Received a gift from Trog
 24504 | Spider:4 | Reached skill level 15 in Armour
 24510 | Spider:3 | Mangled by a spark wasp

Levels and vault maps discovered:
D:1:      dpeg_arrival_houses_and_road, layout_basic
D:2:      layout_loops_corners, minmay_overflow_temple_star_quad
D:3:      minmay_wonky_spiral, layout_rooms, ashenzari_altar_1,
          nicolae_overflow_hidden_temple
D:4:      layout_basic, nicolae_tso_besieged_by_evil, first_ration
D:5:      layout_basic, minmay_temple_entry_glass, minmay_misc_feat_chi,
          nemelex_altar_shiori, uniq_duvessa, uniq_prince_ribbit1
D:6:      layout_cave_pools, uniq_blork_the_orc
D:7:      layout_loops_cross, lemuel_round_altar, the_bakery, uniq_harold
D:8:      layout_cave_pools, chequers_temple_overflow_minitemple
D:9:      layout_rooms, lair_entry_dummy, serial_shops, nicolae_shop_crystal,
          uniq_grum, uniq_joseph
D:10:     layout_basic, hiddenorc1_lemuel, serial_shops, kennysheep_mini
D:11:     layout_rooms, serial_glass, glass_columns_b, glass_columns_a,
          feat_on_display, item_on_display_a, minmay_misc_feat_encased
D:12:     layout_cave_pools, serial_ice, serial_ice_a, serial_ice_f,
          serial_ice_h, serial_ice_m, portal_ice_cave_entry_ice_beasts,
          uniq_fannar, uniq_rupert, uniq_psyche
D:13:     layout_roguey, david_vaults_2
D:14:     layout_irregular_city, grunt_decor_one_mirror
D:15:     hangedman_depths_entry_try_elsewhere_first, layout_irregular_city,
          hangedman_decor_slide_cut, serial_shops, shop, hangedman_decor_growths
Temple:   nicolae_temple_hex_pool
Lair:1:   layout_small_grid, basic_altar, maelrawn_ghost_gauntlet_escape,
          infiniplex_staircase_pool_2
Lair:2:   layout_gridlike
Lair:3:   layout_chaotic_city, nicolae_spider_entry_orb_guardian,
          infiniplex_staircase_pool
Lair:4:   layout_small_grid, elwin_shoals_entry_rooms, minmay_shattered_shrine
Lair:5:   layout_cave_pods, nicolae_slime_entry_slimehenge, grunt_megastairs_3
Lair:6:   grunt_lair_end_beastmaster, layout_concentric_octagons,
          chequers_serial_rivers_marsh, lemuel_centaur_altar,
          grunt_megastairs_1, minmay_lair_oklob_chamber
Spider:1: layout_spider_delve, uniq_jorgrun, uniq_frances
Spider:2: layout_spider_delve
Spider:3: cheibrodos_forgotten_conduit, drop_trap, nicolae_spider_cling_halls
Spider:4: guppyfry_spider_rune, uniq_arachne
Orc:1:    layout_diamond_mine, serial_shops, nicolae_shop_waterfront, uniq_snorg
Orc:2:    st_orc_town, layout_caves, nicolae_volcano_entry_lava_flow,
          basic_altar, mines_bat_river, uniq_josephine, uniq_maurice

Skill      XL: |  1  2  3  4  5  6  7  8  9 10 11 12 13 14 15 16 |
---------------+-------------------------------------------------+-----
Long Blades    | 4 5 6 7 9 11 12 14 15 16 18 19 20 | 20.3
Fighting       | 4 5 6 7 8 9 10 11 12 13 14 15 | 15.1
Armour         | 3 4 5 6 7 9 10 11 12 13 14 15 | 15.0
Dodging        | 3 4 5 6 7 8 9 10 11 12 13 | 13.8
Evocations     | 1 3 5 6 7 9 10 | 10.6

Action                   |  1- 3 |  4- 6 |  7- 9 | 10-12 | 13-15 | 16-18 || total
-------------------------+-------+-------+-------+-------+-------+-------++-------
Melee: Falchion          |    51 |   142 |   103 |       |       |       ||   296
       Headbutt          |    13 |    25 |    61 |   139 |   200 |    57 ||   495
       Long sword        |       |       |   160 |   299 |       |       ||   459
       Great sword       |       |       |       |   183 |   464 |       ||   647
       Triple sword      |       |       |       |       |   395 |   264 ||   659
Invok: Berserk           |     2 |     2 |     4 |    12 |    24 |     5 ||    49
       Brothers in Arms  |       |       |       |     1 |       |     1 ||     2
       Trog's Hand       |       |       |       |       |     3 |       ||     3
Evoke: Wand              |       |       |       |       |     6 |       ||     6
  Use: Scroll            |       |       |    17 |    16 |    13 |     4 ||    50
       Potion            |       |       |       |     2 |     1 |     9 ||    12
  Eat: Chunk             |     2 |     4 |    19 |    31 |    58 |     6 ||   120
       Ration            |       |       |       |       |       |     2 ||     2
Armor: Plate armour      |    25 |    96 |   159 |   259 |   416 |   287 ||  1242
       Animal skin       |     1 |       |       |       |       |       ||     1
       Chain mail        |       |       |       |    20 |    19 |       ||    39
       Scale mail        |       |       |       |       |    83 |       ||    83
Dodge: Dodged            |    30 |    57 |   105 |   316 |   669 |   296 ||  1473
       Rpst.: Falchion   |     7 |     8 |    13 |       |       |       ||    28
       Long sword        |       |       |    11 |    50 |       |       ||    61
       Great sword       |       |       |       |    27 |    73 |       ||   100
       Triple sword      |       |       |       |       |    73 |    49 ||   122

Table legend:
 A = Non-vault XP
 B = Vault XP
 C = Vault XP percentage of total XP
 D = Non-vault monster count
 E = Vault monster count
 F = Vault count percentage of total count
                 A         B        C        D         E       F
            +---------+---------+-------+---------+---------+-------
      Total |  121299 |   77371 |  38.9 |     616 |     303 |  33.0
            +---------+---------+-------+---------+---------+-------
        D:1 |      22 |       0 |   0.0 |      13 |       0 |   0.0
        D:2 |      21 |       0 |   0.0 |      10 |       0 |   0.0
        D:3 |     218 |       4 |   1.8 |      25 |       3 |  10.7
        D:4 |     165 |      63 |  27.6 |      15 |      14 |  48.3
        D:5 |     629 |     221 |  26.0 |      15 |       2 |  11.8
        D:6 |    1271 |      90 |   6.6 |      25 |       1 |   3.8
        D:7 |     933 |    1203 |  56.3 |      13 |       2 |  13.3
        D:8 |    1285 |     115 |   8.2 |      14 |       1 |   6.7
        D:9 |     650 |     866 |  57.1 |       8 |       4 |  33.3
       D:10 |    3056 |     184 |   5.7 |      40 |      17 |  29.8
       D:11 |    3032 |    2900 |  48.9 |      31 |       1 |   3.1
       D:12 |    7005 |    3340 |  32.3 |      40 |      19 |  32.2
       D:13 |    4914 |    2829 |  36.5 |      28 |       3 |   9.7
       D:14 |    4778 |       0 |   0.0 |      16 |       0 |   0.0
       D:15 |   15059 |    1709 |  10.2 |      39 |       4 |   9.3
     Temple |       0 |     277 | 100.0 |       0 |       1 | 100.0
     Lair:1 |    4556 |    2993 |  39.6 |      17 |       4 |  19.0
     Lair:2 |    1990 |       0 |   0.0 |       9 |       0 |   0.0
     Lair:3 |    6729 |     623 |   8.5 |      35 |       1 |   2.8
     Lair:4 |    2915 |    3284 |  53.0 |      12 |       7 |  36.8
     Lair:5 |    6268 |     390 |   5.9 |      21 |       8 |  27.6
     Lair:6 |    6245 |   12749 |  67.1 |      19 |      33 |  63.5
   Spider:1 |   11143 |    5064 |  31.2 |      32 |       2 |   5.9
   Spider:2 |   12180 |       0 |   0.0 |      35 |       0 |   0.0
   Spider:3 |   15285 |    5720 |  27.2 |      42 |      10 |  19.2
   Spider:4 |    7975 |    6823 |  46.1 |      25 |       6 |  19.4
      Orc:1 |    1210 |       0 |   0.0 |      14 |       0 |   0.0
      Orc:2 |    1765 |    8501 |  82.8 |      23 |      99 |  81.1
      IceCv |       0 |   12709 | 100.0 |       0 |      47 | 100.0
    Volcano |       0 |    4714 | 100.0 |       0 |      14 | 100.0
            +---------+---------+-------+---------+---------+-------
